 Dungeon Crawl Stone Soup version 0.22-a0-246-gdc04c06 (webtiles) character file.

424 wolfsongas the Spear-Bearer (level 6, -1/44 HPs)
             Began as a Gnoll Wanderer on Feb 22, 2018.
             Slain by Duvessa
             ... wielding a +2 short sword of flaming
              (8 damage)
             ... on level 4 of the Dungeon.
             The game lasted 00:06:37 (3778 turns).

wolfsongas the Spear-Bearer (Gnoll Wanderer)        Turns: 3778, Time: 00:06:38

Health: -1/44      AC:  5    Str: 18    XL:     6   Next: 96%
Magic:  9/9        EV: 14    Int: 12    God:
Gold:   148        SH:  0    Dex: 15    Spells: 9/9 levels left

rFire    . . .     SeeInvis +   a - +3 spear
rCold    . . .     Gourm    .   (no shield)
rNeg     . . .     Faith    .   j - +0 leather armour
rPois    .         Spirit   .   e - +0 helmet
rElec    .         Reflect  .   (no cloak)
rCorr    .         Harm     .   (no gloves)
MR       .....                  m - +0 pair of boots
Stlth    +++.......             (no amulet)
HPRegen  0.14/turn              (no ring)
MPRegen  0.11/turn              (no ring)

@: no status effects
A: distributed training, fangs 1, talons 1, see invisible, strong nose
a: no special abilities


You were on level 4 of the Dungeon.
You were not hungry.

You visited 1 branch of the dungeon, and saw 5 of its levels.

You collected 148 gold pieces.

Inventory:

Hand Weapons
 a - a +3 spear (weapon)
 o - a +0 hunting sling
Missiles
 l - 48 stones (quivered)
Armour
 e - a +0 helmet (worn)
 g - a +2 large shield of positive energy
 j - a +0 leather armour (worn)
 m - a +0 pair of boots (worn)
Scrolls
 c - a scroll of teleportation
Potions
 h - a potion of ambrosia
 n - a potion of brilliance
Comestibles
 f - 2 rations


   Skills:
 + Level 2.1 Fighting
 + Level 2.1 Short Blades
 + Level 2.1 Long Blades
 + Level 2.1 Axes
 + Level 2.1 Maces & Flails
 + Level 8.8 Polearms
 + Level 2.1 Staves
 + Level 2.1 Slings
 + Level 2.1 Bows
 + Level 2.1 Crossbows
 + Level 3.3 Throwing
 + Level 2.1 Armour
 + Level 5.0 Dodging
 + Level 4.7 Stealth
 + Level 3.3 Shields
 + Level 2.1 Unarmed Combat
 + Level 2.1 Spellcasting
 + Level 1.7 Conjurations
 + Level 1.7 Hexes
 + Level 1.7 Charms
 + Level 1.7 Summonings
 + Level 1.7 Necromancy
 + Level 1.7 Translocations
 + Level 1.7 Transmutations
 + Level 1.7 Fire Magic
 + Level 1.7 Ice Magic
 + Level 1.7 Air Magic
 + Level 1.7 Earth Magic
 + Level 1.7 Poison Magic
 + Level 2.3 Invocations
 + Level 2.1 Evocations


You had 9 spell levels left.
You didn't know any spells.

Dungeon Overview and Level Annotations

Branches:
Dungeon (5/15)
 Temple: D:4-7

Altars:
Ashenzari
Elyvilon
Ru
Xom

Annotations:
D:4 Dowan, Duvessa


Innate Abilities, Weirdness & Mutations

Your experience applies equally to all skills.
You have very sharp teeth.
Your uncanny sense of smell can sniff out nearby items.
You have sharp toenails.
You have supernaturally acute eyesight. (SInv)


Message History

Duvessa is moderately wounded.
Duvessa closely misses you. Dowan closely misses you.
You hit Duvessa but do no damage.
Duvessa is moderately wounded.
You hit Duvessa. Your bite misses Duvessa.
Duvessa is heavily wounded.
Duvessa hits you but does no damage. Dowan hits you with a dagger.
You hit Duvessa. You bite Duvessa, but do no damage.
Duvessa is heavily wounded.
Duvessa hits you with a short sword of flaming!
* * * LOW HITPOINT WARNING * * *
Duvessa burns you.
* * * LOW HITPOINT WARNING * * *
You hit Duvessa. You bite Duvessa, but do no damage.
Duvessa is heavily wounded.
Dowan barely misses you.
You hit Duvessa but do no damage.
Duvessa is heavily wounded.
Duvessa hits you with a short sword of flaming!
You die...

#.# ###+#.#....### #.#
#.'_'.##...# #.#
#.#+#.##...#############
#+#####.#.#####..#...........#
......#............#########.#
......###..............# #.#
......##...............# #.#
......##...#####'###########.#
......''.......e@............#
......##.......e..############
......##..........#
......###.........# #######
#.........# #.........#
#.........# #.........#
#.........#


You could see Duvessa and Dowan.

Vanquished Creatures
  The ghost of
  100101001 the Twirler, an amateur DsGl (D:4)
  A scorpion (D:4)
  A hound (D:4)
  An orc priest (D:3)
  A worker ant (D:4)
  7 adders
  4 worms
  A dart slug (D:1)
  5 leopard geckos
  8 orcs
  A giant cockroach (D:4)
  8 goblins
  10 hobgoblins
  3 jackals (D:1)
  A quokka (D:3)
  A ball python (D:4)
  7 bats
  4 frilled lizards
  8 kobolds
  5 rats
78 creatures vanquished.

Notes
Turn   | Place    | Note
-------+----------+-------------------------------------------
     0 | D:1      | wolfsongas the Gnoll Wanderer began the quest for the Orb.
     0 | D:1      | wolfsongas set off with: a +2 spear, a +0 short sword, a scroll of teleportation, a +0 robe, a +0 dagger, a ration
     0 | D:1      | Reached XP level 1. HP: 13/13 MP: 1/1
   374 | D:1      | Reached XP level 2. HP: 19/19 MP: 2/2
   682 | D:1      | Reached XP level 3. HP: 24/25 MP: 3/3
   976 | D:2      | Reached skill level 1 in Invocations
  1126 | D:2      | Found a sacrificial altar of Ru.
  1127 | D:2      | Found a shattered altar of Ashenzari.
  1212 | D:2      | Reached skill level 1 in Fighting
  1212 | D:2      | Reached skill level 1 in Short Blades
  1212 | D:2      | Reached skill level 1 in Long Blades
  1212 | D:2      | Reached skill level 1 in Axes
  1212 | D:2      | Reached skill level 1 in Maces & Flails
  1212 | D:2      | Reached skill level 1 in Staves
  1212 | D:2      | Reached skill level 1 in Slings
  1212 | D:2      | Reached skill level 1 in Bows
  1212 | D:2      | Reached skill level 1 in Crossbows
  1212 | D:2      | Reached skill level 1 in Armour
  1212 | D:2      | Reached skill level 1 in Unarmed Combat
  1212 | D:2      | Reached skill level 1 in Spellcasting
  1212 | D:2      | Reached skill level 1 in Evocations
  1390 | D:2      | Reached XP level 4. HP: 32/32 MP: 5/5
  1683 | D:3      | Reached skill level 1 in Conjurations
  1683 | D:3      | Reached skill level 1 in Hexes
  1683 | D:3      | Reached skill level 1 in Charms
  1683 | D:3      | Reached skill level 1 in Summonings
  1683 | D:3      | Reached skill level 1 in Necromancy
  1683 | D:3      | Reached skill level 1 in Translocations
  1683 | D:3      | Reached skill level 1 in Transmutations
  1683 | D:3      | Reached skill level 1 in Fire Magic
  1683 | D:3      | Reached skill level 1 in Ice Magic
  1683 | D:3      | Reached skill level 1 in Air Magic
  1683 | D:3      | Reached skill level 1 in Earth Magic
  1683 | D:3      | Reached skill level 1 in Poison Magic
  2010 | D:3      | Reached XP level 5. HP: 37/37 MP: 6/6
  2317 | D:3      | Found a white marble altar of Elyvilon.
  2817 | D:4      | Noticed 100101001's ghost (amateur DsGl)
  2857 | D:4      | Found a shimmering altar of Xom.
  3087 | D:4      | Reached XP level 6. HP: 42/44 MP: 8/8
  3582 | D:5      | Entered Level 5 of the Dungeon
  3586 | D:5      | Noticed Duvessa
  3587 | D:5      | Noticed Dowan
  3596 | D:4      | Gained mutation: You have sharp toenails. [potion of mutation]
  3596 | D:4      | Gained mutation: You have supernaturally acute eyesight. (SInv) [potion of mutation]
  3615 | D:4      | Killed 100101001's ghost
  3615 | D:4      | Reached skill level 5 in Dodging
  3778 | D:4      | Slain by Duvessa

Vault maps used:
D:1:      dpeg_arrival_stonehenge_12_columns, minmay_misc_feat_hallway
D:2:      chequers_temple_overflow_statue_of_worship
D:3:      elyvilon_altar_3, kennysheep_nub, minmay_hedge_maze
D:4:      kennysheep_mini, first_ration
D:5:      old_standard_altar, uniq_duvessa

Skill      XL: |  1  2  3  4  5  6 |
---------------+-------------------+-----
Invocations    | 1 2 |  2.3
Fighting       | 1 2 |  2.1
Short Blades   | 1 2 |  2.1
Long Blades    | 1 2 |  2.1
Axes           | 1 2 |  2.1
Maces & Flails | 1 2 |  2.1
Staves         | 1 2 |  2.1
Slings         | 1 2 |  2.1
Bows           | 1 2 |  2.1
Crossbows      | 1 2 |  2.1
Armour         | 1 2 |  2.1
Unarmed Combat | 1 2 |  2.1
Spellcasting   | 1 2 |  2.1
Evocations     | 1 2 |  2.1
Conjurations   | 1 |  1.7
Hexes          | 1 |  1.7
Charms         | 1 |  1.7
Summonings     | 1 |  1.7
Necromancy     | 1 |  1.7
Translocations | 1 |  1.7
Transmutations | 1 |  1.7
Fire Magic     | 1 |  1.7
Ice Magic      | 1 |  1.7
Air Magic      | 1 |  1.7
Earth Magic    | 1 |  1.7
Poison Magic   | 1 |  1.7
Throwing       | 3 |  3.3
Shields        | 3 |  3.3
Dodging        | 5 |  5.0
Polearms       | |  8.8
Stealth        | |  4.7

Action                   |  1- 3 |  4- 6 || total
-------------------------+-------+-------++-------
Melee: Spear             |    89 |   202 ||   291
       Bite              |     3 |    25 ||    28
       Punch             |       |     3 ||     3
  Use: Scroll            |       |     5 ||     5
       Potion            |       |     7 ||     7
 Stab: Sleeping          |    16 |     7 ||    23
       Distracted        |       |     1 ||     1
  Eat: Chunk             |     1 |     4 ||     5
       Ration            |       |     2 ||     2
Armor: Robe              |     1 |       ||     1
       Leather armour    |     1 |    18 ||    19
       Skin              |       |    55 ||    55
Dodge: Dodged            |    25 |    63 ||    88

Table legend:
 A = Spawn XP
 B = Non-spawn XP
 C = Spawn XP percentage of total XP
 D = Spawn monster count
 E = Non-spawn monster count
 F = Spawn count percentage of total count
 G = Total turns spent on level
                    A         B        C        D         E        F      G
               +---------+---------+-------+---------+---------+-------+---------
         Total |       0 |     607 |   0.0 |       0 |      78 |   0.0 |  3778
               +---------+---------+-------+---------+---------+-------+---------
           D:1 |       0 |      41 |   0.0 |       0 |      22 |   0.0 |   897
           D:2 |       0 |      48 |   0.0 |       0 |      15 |   0.0 |   587
           D:3 |       0 |     148 |   0.0 |       0 |      26 |   0.0 |  1150
           D:4 |       0 |     370 |   0.0 |       0 |      15 |   0.0 |  1131
               +---------+---------+-------+---------+---------+-------+---------
